Map: Washout LE

Players

Kan

  • Race: Zerg Zerg
  • League: Diamond

markus - Winner!

  • Race: Protoss Protoss
  • League: Diamond

VOD

Have the link to the VOD?

Description

Time

  • Played on: Aug. 13, 2026, 3:07 p.m.
  • Length: 11:47
Show
View Real Time Build Order
Export as new Build Order

Kan Zerg 

Build Orders: Hatch First 

Get SALT Encoding   

  8  0:00  Drone  
  9  0:10  Drone  
  10  0:21  Drone  
  11  0:22  Drone  
  12  0:33  Overlord  
  12  0:40  Extractor, Drone  
  13  0:52  Drone x2  
  15  1:03  Drone  
  16  1:18  Hatchery  
  15  1:22  Drone  
  15  1:25  Drone  
  17  1:35  Drone  
  17  1:38  Extractor  
  17  1:47  Spawning Pool  
  17  1:50  Drone  
  17  1:58  Drone  
  18  2:06  Drone  
  19  2:12  Overlord  
  19  2:27  Drone  
  20  2:34  Queen x2  
  20  2:36  Zergling x4  
  26  2:43  Drone  
  26  2:44  Drone  
  28  2:52  Metabolic Boost  
  28  2:56  Drone x2  
  30  3:01  Drone, Overlord  
  31  3:10  Drone  
  32  3:27  Hatchery  
  32  3:32  Drone x5  
  36  3:40  Overlord  
  36  3:42  Queen  
  38  3:50  Queen  
  40  3:58  Drone x4  
  40  4:01  Overlord  
  44  4:13  Drone x3  
  47  4:25  Zergling x4  
  48  4:38  Zergling x10  
  51  4:51  Lair  
  49  5:00  Queen  
  49  5:03  Spore Crawler  
  49  5:06  Spore Crawler  
  49  5:07  Overlord x2  
  49  5:08  Overlord x2  
  49  5:15  Roach Warren, Extractor  
  49  5:16  Drone x7, Evolution Chamber, Extractor  
  52  5:25  Drone x5  
  57  5:34  Drone x2  
  59  5:38  Spore Crawler  
  58  5:50  Drone x9  
  58  5:51  Overseer  
  66  6:00  Zerg Missile Weapons Level 1, Glial Reconstitution  
  66  6:03  Roach  
  68  6:05  Roach  
  68  6:10  Roach  
  72  6:11  Overlord x4  
  72  6:12  Overlord  
  72  6:23  Roach  
  72  6:25  Hydralisk Den  
  73  6:26  Extractor  
  73  6:27  Drone x2  
  73  6:28  Drone  
  75  6:37  Drone x4  
  75  6:39  Drone  
  80  6:45  Extractor  
  80  6:46  Roach x2  
  83  6:52  Roach  
  85  6:56  Hydralisk x4  
  93  7:02  Hydralisk  
  93  7:08  Hydralisk  
  95  7:09  Hydralisk  
  95  7:12  Queen x3  
  95  7:14  Overlord x2  
  105  7:24  Grooved Spines  
  105  7:28  Drone  
  105  7:29  Hatchery, Drone  
  106  7:30  Drone  
  106  7:32  Drone x2  
  106  7:33  Drone  
  106  7:35  Drone  
  106  7:36  Drone  
  112  7:38  Drone  
  112  7:39  Drone  
  112  7:42  Drone, Extractor  
  112  7:43  Hydralisk  
  116  7:46  Hydralisk  
  118  7:57  Hydralisk x4  
  126  8:02  Hydralisk x2  
  130  8:13  Overlord x5  
  130  8:14  Muscular Augments  
  130  8:39  Overlord x3  
  130  8:43  Hydralisk x11  
  152  8:51  Zerg Missile Weapons Level 2  
  152  8:58  Hydralisk, Zergling x2  
  152  8:59  Hydralisk  
  157  9:09  Hatchery  
  156  9:20  Hydralisk x9  
  156  9:23  Hydralisk  
  167  9:39  Hydralisk x7  
  121  10:02  Hydralisk x7  
  135  10:08  Zergling x18  
  144  10:18  Hydralisk x3  
  150  10:24  Hydralisk  
  150  10:25  Hydralisk x3  
  150  10:26  Zergling x2  
  150  10:27  Zergling x2  
  160  10:36  Zergling x8  
  160  10:40  Overseer  
  164  10:43  Zergling x4  
  164  10:49  Zergling x16  
  174  10:53  Zergling x4  
  174  10:54  Zergling x6  
  179  11:03  Hydralisk x5  
  185  11:05  Zergling x2  
  186  11:14  Zergling x12  
Show
View Real Time Build Order
Export as new Build Order

markus Protoss - Winner!

Build Orders:  

Get SALT Encoding   

  8  0:01  Probe  
  9  0:13  Probe (Chrono Boost)  
  10  0:25  Probe (Chrono Boost)  
  11  0:30  Probe (Chrono Boost)  
  11  0:34  Pylon  
  12  0:39  Probe  
  13  0:52  Probe  
  14  0:59  Gateway  
  15  1:04  Probe  
  15  1:12  Assimilator  
  15  1:18  Probe  
  16  1:30  Probe  
  17  1:42  Probe  
  18  1:53  Nexus  
  18  2:01  Probe  
  18  2:08  Cybernetics Core  
  19  2:14  Assimilator  
  19  2:16  Probe  
  19  2:22  Pylon  
  20  2:28  Probe  
  21  2:40  Probe  
  22  2:45  Adept  
  24  2:52  Probe (Chrono Boost)  
  25  3:04  Probe (Chrono Boost)  
  26  3:08  Probe (Chrono Boost)  
  28  3:13  Probe (Chrono Boost)  
  28  3:16  Probe (Chrono Boost)  
  28  3:18  Adept  
  32  3:20  Probe (Chrono Boost)  
  32  3:27  Probe  
  32  3:33  Probe  
  34  3:35  Stargate  
  34  3:39  Probe  
  35  3:42  Gateway  
  35  3:45  Probe  
  36  3:52  Probe (Chrono Boost)  
  37  3:59  Assimilator  
  37  4:02  Probe (Chrono Boost)  
  39  4:04  Probe (Chrono Boost)  
  39  4:05  Pylon  
  39  4:09  Probe (Chrono Boost)  
  40  4:10  Probe (Chrono Boost)  
  40  4:12  Warp Gate  
  41  4:18  Probe, Pylon  
  41  4:23  Probe, Stalker  
  45  4:30  Probe  
  46  4:35  Probe  
  45  4:42  Probe  
  46  4:47  Probe  
  46  4:52  Adept x2, Void Ray (Chrono Boost)  
  47  4:54  Probe  
  47  4:55  Assimilator  
  47  4:59  Probe  
  55  5:00  Pylon  
  55  5:05  Forge  
  55  5:06  Probe  
  56  5:12  Probe  
  57  5:18  Probe  
  58  5:24  Probe  
  59  5:30  Probe  
  59  5:32  Void Ray  
  59  5:33  Pylon  
  59  5:35  Nexus  
  64  5:36  Probe  
  65  5:43  Probe  
  66  5:51  Probe, Robotics Facility  
  66  5:55  Probe  
  68  5:57  Shield Battery  
  68  6:01  Pylon  
  68  6:03  Probe  
  69  6:06  Gateway  
  69  6:07  Stalker x2  
  73  6:14  Probe  
  74  6:20  Void Ray  
  74  6:22  Probe  
  74  6:25  Photon Cannon  
  79  6:26  Photon Cannon, Shield Battery  
  79  6:28  Probe  
  79  6:29  Photon Cannon  
  80  6:34  Probe  
  81  6:40  Probe  
  81  6:46  Observer  
  81  6:47  Probe  
  84  6:48  Gateway  
  84  6:49  Gateway  
  84  6:51  Gateway  
  84  6:54  Pylon  
  84  6:57  Assimilator  
  84  6:58  Assimilator  
  84  6:59  Protoss Ground Weapons Level 1, Probe  
  84  7:01  Pylon  
  85  7:09  Probe  
  85  7:12  Immortal  
  90  7:16  Robotics Bay  
  90  7:18  Gateway  
  90  7:21  Sentry x2  
  90  7:22  Pylon  
  94  7:28  Probe  
  95  7:38  Stalker  
  95  7:40  Probe  
  95  7:43  Probe  
  99  7:47  Probe, Stalker x2  
  99  7:48  Stalker  
  106  7:52  Probe  
  106  7:53  Photon Cannon  
  106  7:54  Photon Cannon  
  106  7:55  Probe  
  108  8:06  Disruptor  
  108  8:10  Robotics Facility  
  112  8:13  Probe  
  113  8:25  Probe  
  113  8:26  Sentry, Stalker  
  118  8:33  Pylon  
  118  8:35  Pylon  
  118  8:36  Probe  
  118  8:41  Pylon  
  119  8:42  Pylon  
  119  8:49  Nexus  
  119  8:50  Pylon, Disruptor  
  119  8:51  Probe  
  119  8:53  Pylon  
  119  8:55  Photon Cannon  
  124  8:59  Disruptor, Pylon  
  128  9:03  Fleet Beacon  
  128  9:06  Twilight Council  
  128  9:08  Pylon  
  128  9:09  Oracle  
  132  9:10  Probe  
  132  9:14  Photon Cannon  
  132  9:19  Photon Cannon  
  132  9:21  Photon Cannon  
  132  9:26  Disruptor  
  136  9:35  Disruptor  
  132  9:51  Probe  
  132  9:52  Stalker x3  
  137  9:53  Stalker  
  135  10:02  Disruptor  
  135  10:05  Pylon  
  139  10:08  Charge (Chrono Boost)  
  139  10:10  Disruptor  
  139  10:13  Stargate  
  143  10:15  Probe x2  
  143  10:16  Stargate, Pylon  
  145  10:22  Probe  
  145  10:23  Photon Cannon  
  146  10:30  Assimilator  
  146  10:34  Assimilator  
  146  10:38  Photon Cannon  
  146  10:39  Photon Cannon  
  146  10:41  Photon Cannon  
  146  10:42  Pylon, Photon Cannon x2  
  146  10:58  Templar Archives  
  146  11:03  Pylon  
  150  11:33  Stalker x5  
  150  11:34  Stalker  
Tags
 
Add a new tag
Caveats
  • Supply blocks, unpowered buildings, or Contaminate may cause inaccurate times.
  • Supply counts are checked every 10 seconds.